 Dungeon Crawl Stone Soup version 0.21-a0-221-gfe971b9 (webtiles) character file.

679 Ijustatesigmund the Cudgeler (level 7, -6/46 HPs)
             Began as a Gargoyle Fighter on Aug 24, 2017.
             Mangled by an ogre
             ... wielding a +0 giant club
              (11 damage)
             ... on level 7 of the Dungeon.
             The game lasted 00:07:49 (3341 turns).

Ijustatesigmund the Cudgeler (Gargoyle Fighter)     Turns: 3341, Time: 00:07:49

Health: -6/46      AC: 11    Str: 20    XL:     7   Next: 60%
Magic:  16/16      EV:  7    Int:  8    God:
Gold:   271        SH:  9    Dex: 16    Spells: 6/6 levels left

rFire    . . .     SeeInvis .   a - +1 flail
rCold    . . .     Gourm    +   c - +0 shield
rNeg     + . .     Faith    .   b - +0 scale mail
rPois    ∞         Spirit   .   (no helmet)
rElec    +         Reflect  .   (no cloak)
rCorr    .         Harm     .   (no gloves)
MR       .....                  (no boots)
Stlth    ..........             y - amulet of the gourmand
HPRegen  0.15/turn              g - +5 ring of dexterity
MPRegen  0.15/turn              v - ring of magical power

@: no status effects
A: negative energy resistance 1, electricity resistance, unbreathing,
petrification resistance, rot immunity, AC +4
a: no special abilities


You were on level 7 of the Dungeon.
You were not hungry.

You visited 1 branch of the dungeon, and saw 5 of its levels.

You collected 271 gold pieces.

Inventory:

Hand Weapons
 a - a +1 flail (weapon)
Missiles
 q - 2 poisoned tomahawks (quivered)
Armour
 b - a +0 scale mail (worn)
 c - a +0 shield (worn)
 s - a +0 large shield
Jewellery
 g - a +5 ring of dexterity (left hand)
 u - an uncursed ring of fire
 v - a ring of magical power (right hand)
 y - an amulet of the gourmand (around neck)
Wands
 x - a wand of polymorph (15/24)
Scrolls
 i - 2 scrolls of enchant armour {unknown}
 m - a scroll of immolation
 o - 2 scrolls of remove curse
 r - a scroll of teleportation
Potions
 d - a potion of might
 e - a potion of brilliance
 h - a potion of lignification
 j - 2 potions of flight
 k - a potion of curing {unknown}
 p - 2 potions of heal wounds {unknown}
 t - a potion of cancellation {unknown}
 z - a potion of magic {unknown}
 A - a potion of agility {unknown}
Comestibles
 f - 6 bread rations
 l - a royal jelly
 w - 3 meat rations


   Skills:
 + Level 6.1 Fighting
 * Level 6.8 Maces & Flails
 - Level 3.2 Armour
 - Level 3.2 Shields


You had 6 spell levels left.
You didn't know any spells.

Dungeon Overview and Level Annotations

Branches:
Dungeon (7/15)
 Temple: D:4-7

Altars:
Fedhas
Okawaru


Innate Abilities, Weirdness & Mutations

You are resistant to torment.
Your stone body is resilient. (AC +4)
You are immune to poison.
You resist negative energy. (rN+)
You are resistant to electric shocks. (rElec)
You can survive without breathing.
You are immune to petrification.
You are immune to rotting.


Message History

The leopard gecko hisses angrily.
You hit the ogre.
The ogre is heavily wounded.
The ogre barely misses you.
You hit the ogre.
The ogre is severely wounded.
The ogre hits you with a giant club!
You are too injured to fight recklessly!
You are too injured to fight recklessly!
You are too injured to fight recklessly!
You are too injured to fight recklessly!
You are too injured to fight recklessly!
Your shield prevents you from hitting the ogre.
The ogre is severely wounded.
The ogre hits you with a giant club!
* * * LOW HITPOINT WARNING * * *
You hit the ogre.
The ogre is almost dead.
The ogre hits you with a giant club!
You die...

#.#
#.#
#(#
#.#
##(##
!l.
#O#
#@#
#.#
#.#
#.#
#.#
#.#
#.#
#.####
#....#


You could see an ogre and a leopard gecko.

Vanquished Creatures
  A hungry ghost (D:7)
  3 ogres (D:7)
  A necrophage (D:7)
  A bullfrog (D:7)
  A worker ant (D:4)
  4 adders
  An ooze (D:2)
  A worm (D:3)
  An adder skeleton (D:7)
  2 dart slugs
  2 orcs (D:3)
  4 giant cockroaches
  6 goblins
  9 hobgoblins
  6 jackals
  6 kobolds
  3 quokkas
  A bat (D:1)
  A frilled lizard (D:3)
  4 rats
  3 fungi (D:4)
61 creatures vanquished.

Notes
Turn   | Place    | Note
-------+----------+-------------------------------------------
     0 | D:1      | Ijustatesigmund the Gargoyle Fighter began the quest for the Orb.
     0 | D:1      | Reached XP level 1. HP: 14/14 MP: 1/1
   198 | D:1      | Reached XP level 2. HP: 19/19 MP: 2/2
   511 | D:2      | Found an iron altar of Okawaru.
   731 | D:2      | Reached XP level 3. HP: 23/23 MP: 3/3
  1253 | D:3      | Reached XP level 4. HP: 23/29 MP: 4/4
  2277 | D:4      | Found a blossoming altar of Fedhas.
  2318 | D:4      | Reached XP level 5. HP: 34/34 MP: 5/5
  2475 | D:4      | You fall through a shaft for 3 floors!
  2475 | D:7      | Noticed an ogre
  2482 | D:7      | Killed an ogre
  2647 | D:7      | Noticed an ogre
  2654 | D:7      | Killed an ogre
  2654 | D:7      | Reached skill level 5 in Fighting
  2654 | D:7      | Reached skill level 5 in Maces & Flails
  2654 | D:7      | Reached XP level 6. HP: 15/40 MP: 6/6
  2931 | D:7      | Noticed a necrophage
  2942 | D:7      | Killed a necrophage
  2952 | D:7      | Noticed a hungry ghost
  2978 | D:7      | Killed a hungry ghost
  2978 | D:7      | Reached XP level 7. HP: 37/45 MP: 7/7
  3341 | D:7      | Mangled by an ogre

Vault maps used:
D:1:      minmay_arrival_radiant_lines
D:2:      first_bread, okawaru_trees_2
D:3:      minmay_surrounded
D:4:      serial_curves, eino_curves_03, eino_curves_03, fedhas_altar_3
D:7:      nicolae_qazlal_style_of_elements, minmay_temple_entry_grid,
          grunt_ogre_cave, minmay_misc_feat_hallway

Skill      XL: |  1  2  3  4  5  6  7 |
---------------+----------------------+-----
Maces & Flails | 3 4 5 6 |  6.8
Fighting       | 4 5 6 |  6.1
Armour         | |  3.2
Shields        | |  3.2

Action                   |  1- 3 |  4- 6 |  7- 9 || total
-------------------------+-------+-------+-------++-------
Melee: Flail             |    87 |   131 |    15 ||   233
Throw: Tomahawk          |       |       |     2 ||     2
  Use: Scroll            |     6 |     5 |       ||    11
       Potion            |       |     1 |     1 ||     2
  Eat: Chunk             |     1 |    17 |     3 ||    21
       Royal jelly       |       |     1 |       ||     1
       Fruit             |       |     1 |       ||     1
Armor: Scale mail        |    56 |    37 |       ||    93
Dodge: Dodged            |    33 |    20 |     6 ||    59
Block: Shield            |    69 |    47 |     2 ||   118

Table legend:
 A = Spawn XP
 B = Non-spawn XP
 C = Spawn XP percentage of total XP
 D = Spawn monster count
 E = Non-spawn monster count
 F = Spawn count percentage of total count
 G = Total turns spent on level
                    A         B        C        D         E        F      G
               +---------+---------+-------+---------+---------+-------+---------
         Total |      14 |     956 |   1.4 |       8 |      50 |  13.8 |  3341
               +---------+---------+-------+---------+---------+-------+---------
           D:1 |       5 |      15 |  25.0 |       3 |       7 |  30.0 |   502
           D:2 |       2 |      34 |   5.6 |       1 |       9 |  10.0 |   559
           D:3 |       3 |      53 |   5.4 |       2 |      20 |   9.1 |   974
           D:4 |       4 |      65 |   5.8 |       2 |       6 |  25.0 |   440
           D:7 |       0 |     789 |   0.0 |       0 |       8 |   0.0 |   866
               +---------+---------+-------+---------+---------+-------+---------
